[Event "Titled Tuesday Blitz March 22 Early 2022"]
[White "Lazavik, Denis"]
[Black "Pinheiro, Iung Alicio de O."]
[WhiteFideId "13515110"]
[BlackFideId "2104350"]
[WhiteElo "2437"]
[BlackElo "2536"]
[Result "1-0"]
[Round "03"]
[TimeControl "180+1"]
[Date "2022.03.22"]
[WhiteClock "0:00:48"]
[BlackClock "0:00:11"]

1. d4 Nf6 2. c4 g6 3. Nc3 d5 4. Bf4 Bg7 5. e3 O-O 6. cxd5 Nxd5 7. Nxd5 Qxd5 8. Bxc7 Nc6 9. Ne2 e5 10. dxe5 Qe6 11. Nf4 Qf5 12. Bd3 Qg5 13. h4 Qg4 14. Qxg4 Bxg4 15. f3 Bc8 16. e6 fxe6 17. O-O-O Ne5 18. Be2 a5 19. Kb1 a4 20. a3 b6 21. Rd6 Ba6 22. Bxa6 Rxa6 23. Nxe6 Nc4 24. Nxf8 Nxd6 25. Bxd6 Bxf8 26. Bxf8 Kxf8 27. Rc1 b5 28. Rc5 Rb6 29. Kc2 b4 30. Rc4 b3+ 31. Kc3 Ra6 32. Kb4 Rd6 33. Kxa4 Rd2 34. Kxb3 Rxg2 35. a4 Re2 36. e4 Re3+ 37. Rc3 Re1 38. a5 Ra1 39. Kb4 Ke7 40. Ra3 1-0


[Site "https://www.chess.com"]

[Event "Titled Tuesday Blitz March 22 Early 2022"]
[White "Le Ruyet, Leopold"]
[Black "Ardila, Oscar Humberto"]
[WhiteFideId "645923"]
[BlackFideId "4404742"]
[WhiteElo "2276"]
[BlackElo "1966"]
[Result "1-0"]
[Round "03"]
[TimeControl "180+1"]
[Date "2022.03.22"]
[WhiteClock "0:00:49"]
[BlackClock "0:00:16"]

1. d4 Nf6 2. c4 c5 3. d5 g6 4. Nc3 Bg7 5. e4 d6 6. f4 O-O 7. Nf3 e6 8. dxe6 Bxe6 9. Be2 Nc6 10. O-O a6 11. Be3 Qc7 12. f5 Bd7 13. Bg5 Rfe8 14. Nd5 Nxd5 15. exd5 Ne5 16. f6 Bf8 17. Qd2 b5 18. Bh6 Ng4 19. Bxf8 Rxf8 20. Qf4 Rae8 21. Rae1 Kh8 22. h3 Ne3 23. Qh6 Rg8 24. Ng5 1-0


[Site "https://www.chess.com"]

[Event "Titled Tuesday Blitz March 22 Early 2022"]
[White "Maltsevskaya, Aleksandra"]
[Black "Grieve, Harry"]
[WhiteFideId "24174041"]
[BlackFideId "426520"]
[WhiteElo "2241"]
[BlackElo "2294"]
[Result "1-0"]
[Round "03"]
[TimeControl "180+1"]
[Date "2022.03.22"]
[WhiteClock "0:01:12"]
[BlackClock "0:00:02"]

1. e4 c5 2. Nf3 e6 3. d4 cxd4 4. Nxd4 Nc6 5. Nc3 Qc7 6. f4 Nxd4 7. Qxd4 b6 8. Be3 Bb7 9. Nb5 Qc6 10. c4 Nf6 11. e5 Ng4 12. Bg1 Bc5 13. Qd2 O-O 14. h3 Nh6 15. O-O-O Rfd8 16. Nd6 Bxd6 17. exd6 b5 18. c5 Qa6 19. Kb1 Bd5 20. b3 Qb7 21. Rh2 a5 22. g4 b4 23. Bd4 a4 24. f5 axb3 25. Qg5 bxa2+ 26. Ka1 Nxf5 27. gxf5 g6 28. Qf6 e5 29. Bxe5 1-0


[Site "https://www.chess.com"]

[Event "Titled Tuesday Blitz March 22 Early 2022"]
[White "Maly, Alexey"]
[Black "Kowalczyk, Pawel"]
[WhiteFideId "14103184"]
[BlackFideId "1130641"]
[WhiteElo "2304"]
[BlackElo "2344"]
[Result "1-0"]
[Round "03"]
[TimeControl "180+1"]
[Date "2022.03.22"]
[WhiteClock "0:02:08"]
[BlackClock "0:01:30"]

1. d4 Nf6 2. c4 g6 3. Nc3 d5 4. cxd5 Nxd5 5. e4 Nxc3 6. bxc3 Bg7 7. Nf3 c5 8. Be3 O-O 9. Qd2 cxd4 10. cxd4 Nc6 11. Rc1 Bg4 12. d5 Bxf3 13. gxf3 Ne5 14. Be2 f5 15. f4 Ng4 16. Bxg4 fxg4 17. e5 Qd7 18. O-O Rf5 19. Rfd1 Bh6 20. Rc4 Raf8 21. Rdc1 Qb5 22. a4 Qa6 23. d6 exd6 24. exd6 Rd8 25. Rc8 Rff8 26. Qd5+ Kh8 27. Bd4+ Bg7 28. Bxg7+ Kxg7 29. R1c7+ 1-0


[Site "https://www.chess.com"]

[Event "Titled Tuesday Blitz March 22 Early 2022"]
[White "Manukian, Artak"]
[Black "Samaganova, Aleksandra"]
[WhiteFideId "13301373"]
[BlackFideId "13800221"]
[WhiteElo "2450"]
[BlackElo "1859"]
[Result "0-1"]
[Round "03"]
[TimeControl "180+1"]
[Date "2022.03.22"]
[WhiteClock "0:00:01"]
[BlackClock "0:00:03"]

1. e4 c5 2. Nf3 e6 3. c3 Nf6 4. e5 Nd5 5. d4 cxd4 6. cxd4 d6 7. Nc3 Nxc3 8. bxc3 Nc6 9. Bd3 Be7 10. O-O Bd7 11. Qe2 dxe5 12. dxe5 Qa5 13. Rb1 b6 14. Rb5 Qa4 15. Rb1 Qg4 16. h3 Qh5 17. Rd1 Rd8 18. Bb5 Nb8 19. Bf4 g5 20. Bg3 O-O 21. a4 Bxb5 22. axb5 Qg6 23. Nd4 Bc5 24. Ra1 Rd7 25. Nc6 Rc7 26. Rxa7 Rxa7 27. Nxa7 h5 28. Nc6 h4 29. Bh2 Qf5 30. Kh1 Qxf2 31. Qg4 Qf5 32. Qxf5 exf5 33. Nxb8 Rxb8 34. e6 Re8 35. exf7+ Kxf7 36. Bg1 Rc8 37. Rd5 Ke6 38. c4 Bxg1 39. Kxg1 Rxc4 40. Rd8 Rc1+ 41. Kf2 Rc2+ 42. Kf3 Rc5 43. Rg8 Kf6 44. Rf8+ Kg7 45. Rb8 Rxb5 46. Ke3 Rb3+ 47. Kd4 Rb2 48. Ke5 Rb5+ 49. Ke6 g4 50. Rb7+ Kg6 51. Rb8 gxh3 52. gxh3 Kh7 53. Kf6 Rb2 54. Kxf5 Rb3 55. Kg4 b5 56. Kxh4 b4 57. Kg4 Rb1 0-1


[Site "https://www.chess.com"]

[Event "Titled Tuesday Blitz March 22 Early 2022"]
[White "Mekhane, Adam"]
[Black "Suarez Uriel, Adrian"]
[WhiteFideId "36050601"]
[BlackFideId "22230874"]
[WhiteElo "2002"]
[BlackElo "2316"]
[Result "1-0"]
[Round "03"]
[TimeControl "180+1"]
[Date "2022.03.22"]
[WhiteClock "0:00:20"]
[BlackClock "0:01:25"]

1. e4 d6 2. d4 Nf6 3. Nc3 e5 4. Nf3 Nbd7 5. g4 Nxg4 6. Rg1 Ngf6 7. Be3 h6 8. h4 exd4 9. Nxd4 Nc5 10. f3 Bd7 11. Qd2 Qe7 12. b4 Na4 13. Nxa4 Bxa4 14. Nf5 Qd7 15. Nxg7+ Bxg7 16. Rxg7 O-O-O 17. Bc4 d5 18. exd5 Rhe8 19. O-O-O Qf5 20. Rxf7 Rxe3 21. Rxf6 Qe5 22. Qd4 Qh2 23. Qd2 Qe5 24. Qd4 Qe7 25. Qxa7 Rc3 26. Qa8+ Kd7 27. Qxa4+ Kc8 28. Qa8+ Kd7 29. Bb5+ c6 30. dxc6+ Kc7 31. Qxb7# 1-0


[Site "https://www.chess.com"]

[Event "Titled Tuesday Blitz March 22 Early 2022"]
[White "Migot, Tangi"]
[Black "MikeKorovin"]
[WhiteFideId "662445"]
[WhiteElo "2506"]
[BlackElo "2736"]
[Result "0-1"]
[Round "03"]
[TimeControl "180+1"]
[Date "2022.03.22"]
[WhiteClock "0:00:18"]
[BlackClock "0:00:35"]

1. e4 e6 2. Nf3 d5 3. exd5 exd5 4. d4 Nc6 5. Bb5 Bd6 6. O-O Ne7 7. c4 dxc4 8. Nc3 a6 9. Bxc4 O-O 10. Re1 Bg4 11. d5 Bxf3 12. Qxf3 Ne5 13. Qe2 Nxc4 14. Qxc4 Ng6 15. h3 Re8 16. Be3 Qf6 17. Ne4 Qe5 18. Nxd6 Qxd6 19. Rac1 Rac8 20. Qb3 b6 21. Rc6 Qd7 22. Rec1 Ne7 23. R6c4 Nxd5 24. Rd1 Qe6 25. Ra4 Nxe3 26. Qxe6 Rxe6 27. fxe3 Rxe3 28. Rxa6 Kf8 29. Ra7 Re2 30. b3 Rc2 31. a4 g6 32. b4 Re8 33. Rd7 Ree2 34. Raxc7 Rxg2+ 35. Kf1 Rgf2+ 36. Ke1 Rxc7 37. Rxc7 Rf4 38. a5 Rxb4 39. a6 Ra4 40. a7 Kg7 41. Kd2 b5 42. Kc3 h5 43. Kd3 g5 44. Rb7 Kg6 45. Ke3 f6 46. Kf3 Ra3+ 47. Kg2 b4 48. Kf2 h4 49. Kg2 b3 50. Kf2 b2 51. Rxb2 Rxa7 52. Rb8 Ra3 53. Rg8+ Kf7 0-1


[Site "https://www.chess.com"]

[Event "Titled Tuesday Blitz March 22 Early 2022"]
[White "Mikhalsky, Vladimir"]
[Black "Stanisz, Patryk"]
[WhiteFideId "14144352"]
[BlackFideId "1123106"]
[WhiteElo "2301"]
[BlackElo "1876"]
[Result "1-0"]
[Round "03"]
[TimeControl "180+1"]
[Date "2022.03.22"]
[WhiteClock "0:00:36"]
[BlackClock "0:00:04"]

1. c4 f5 2. b3 Nf6 3. Bb2 g6 4. Bxf6 exf6 5. Nc3 Bb4 6. Qc2 Nc6 7. Nf3 Ne5 8. e3 c6 9. Be2 d6 10. d4 Nxf3+ 11. Bxf3 O-O 12. a3 Bxc3+ 13. Qxc3 Qe7 14. g3 a5 15. h4 Be6 16. h5 g5 17. h6 Qf7 18. Rc1 Qe7 19. Kf1 Rfe8 20. d5 cxd5 21. Bxd5 Bxd5 22. cxd5 Qe4 23. Kg1 Kf7 24. Kh2 Re7 25. Rhd1 f4 26. exf4 gxf4 27. Re1 fxg3+ 28. Qxg3 Qg6 29. Rxe7+ Kxe7 30. Rc7+ Kd8 1-0


[Site "https://www.chess.com"]

[Event "Titled Tuesday Blitz March 22 Early 2022"]
[White "Mkrtchyan, Mariam"]
[Black "Jaferian, Koosha"]
[WhiteFideId "13310828"]
[BlackFideId "12507440"]
[WhiteElo "1984"]
[BlackElo "2030"]
[Result "1-0"]
[Round "03"]
[TimeControl "180+1"]
[Date "2022.03.22"]
[WhiteClock "0:00:52"]
[BlackClock "0:00:09"]

1. Nf3 d5 2. g3 g6 3. Bg2 Bg7 4. O-O e5 5. d3 Ne7 6. Nbd2 O-O 7. e4 c6 8. Re1 Qc7 9. c3 h6 10. Qc2 Be6 11. d4 Nd7 12. h3 Rad8 13. dxe5 Nxe5 14. Nd4 Kh7 15. f4 Nc4 16. exd5 Bxd5 17. Nxc4 Bxc4 18. Be3 Bd5 19. Rad1 Bxg2 20. Qxg2 Nd5 21. Bf2 Rfe8 22. Qf3 a6 23. Kg2 Nb6 24. f5 Nc4 25. fxg6+ fxg6 26. Ne6 Rxe6 27. Rxe6 Rf8 28. Qe2 Qf7 29. Re7 Qf5 30. Rdd7 Rh8 31. Rxg7# 1-0


[Site "https://www.chess.com"]

[Event "Titled Tuesday Blitz March 22 Early 2022"]
[White "Moroni, Luca Jr"]
[Black "Kollars, Dmitrij"]
[WhiteFideId "865834"]
[BlackFideId "12909572"]
[WhiteElo "2573"]
[BlackElo "2584"]
[Result "0-1"]
[Round "03"]
[TimeControl "180+1"]
[Date "2022.03.22"]
[WhiteClock "0:00:03"]
[BlackClock "0:00:21"]

1. c4 Nf6 2. Nc3 e6 3. e4 d5 4. e5 d4 5. exf6 dxc3 6. bxc3 Qxf6 7. d4 b6 8. Be2 Bb7 9. Bf3 Bxf3 10. Nxf3 Bd6 11. Qa4+ c6 12. O-O O-O 13. Re1 Rc8 14. Ng5 Nd7 15. Ne4 Qe7 16. Bg5 Qf8 17. Rad1 h6 18. Bh4 Be7 19. Bxe7 Qxe7 20. Rd3 Nf6 21. Nxf6+ Qxf6 22. h3 Rc7 23. Qd1 Rd8 24. Qg4 c5 25. d5 Qg5 26. Qxg5 hxg5 27. Re5 exd5 28. Rxg5 d4 29. h4 Rcd7 30. h5 f6 31. Rg6 Kh7 32. cxd4 Rxd4 33. Rdg3 R8d7 34. h6 gxh6 35. Rxf6 Rh4 36. f4 Rg7 37. Kf2 Rh1 38. Rxg7+ Kxg7 39. Rc6 Rc1 40. Rc7+ Kg6 41. Rxa7 Rxc4 42. Kf3 h5 43. Ra6 Rb4 44. g4 hxg4+ 45. Kxg4 Kf6 46. Ra8 Rb2 47. Rc8 Ke6 48. f5+ Kd7 49. Rb8 c4 50. Rb7+ Kc6 51. Rb8 Kc7 52. Re8 Rxa2 53. f6 Rf2 54. Kg5 b5 55. Kg6 Kd6 56. f7 b4 57. Re4 Kd5 58. Re2 Rf4 59. Rd2+ Kc5 60. Rd8 b3 61. Rc8+ Kb4 62. Rb8+ Kc3 63. f8=Q Rxf8 64. Rxf8 b2 65. Rf3+ Kc2 66. Rf2+ Kb3 67. Rf1 c3 0-1


[Site "https://www.chess.com"]

[Event "Titled Tuesday Blitz March 22 Early 2022"]
[White "Moskalenko, Alexander"]
[Black "Estrada Nieto, Julian"]
[WhiteFideId "4155351"]
[BlackFideId "5101018"]
[WhiteElo "2475"]
[BlackElo "2246"]
[Result "1-0"]
[Round "03"]
[TimeControl "180+1"]
[Date "2022.03.22"]
[WhiteClock "0:00:56"]
[BlackClock "0:00:01"]

1. Nf3 d5 2. e3 Nf6 3. b3 Bg4 4. Bb2 Nbd7 5. h3 Bh5 6. g4 Bg6 7. Nh4 e5 8. Nxg6 hxg6 9. Bg2 c6 10. d3 Bd6 11. Nd2 Qe7 12. a3 g5 13. Nf1 O-O-O 14. Qd2 e4 15. d4 Nf8 16. Ng3 g6 17. c4 Ne6 18. c5 Bxg3 19. fxg3 Nd7 20. Rf1 Rhf8 21. b4 f5 22. gxf5 gxf5 23. b5 cxb5 24. a4 b4 25. Qxb4 Nb8 26. Bc3 Nc6 27. Qb3 Qc7 28. Rb1 Qxg3+ 29. Rf2 Qxe3+ 30. Re2 Qg3+ 31. Kd1 Rd7 32. Reb2 Ncxd4 33. c6 Qd3+ 34. Rd2 Nxb3 35. cxd7+ Kxd7 36. Rxd3 exd3 37. Rxb3 Nc5 38. Rb5 Kc6 39. Bb4 b6 40. Bxc5 bxc5 41. Kd2 f4 42. Kxd3 c4+ 43. Kd4 Rf5 44. Rxd5 1-0


[Site "https://www.chess.com"]

[Event "Titled Tuesday Blitz March 22 Early 2022"]
[White "Myshakov, Fyodor"]
[Black "Dilanyan, Grigor"]
[WhiteFideId "14111284"]
[BlackFideId "13303570"]
[WhiteElo "2310"]
[BlackElo "2279"]
[Result "0-1"]
[Round "03"]
[TimeControl "180+1"]
[Date "2022.03.22"]
[WhiteClock "0:00:31"]
[BlackClock "0:00:24"]

1. c4 Nf6 2. Nc3 g6 3. Nf3 Bg7 4. g3 O-O 5. Bg2 d6 6. O-O Nc6 7. d4 a6 8. Bg5 Rb8 9. b3 b5 10. Bxf6 exf6 11. Nd2 Bd7 12. e3 f5 13. Rc1 h5 14. h4 Nb4 15. a3 Nc6 16. cxb5 axb5 17. Nxb5 Rxb5 18. Bxc6 Bxc6 19. Rxc6 f4 20. a4 Ra5 21. exf4 Bxd4 22. Nc4 Rc5 23. Rxc5 Bxc5 24. Qd5 Qb8 25. Nd2 Qb4 26. Ne4 Qd4 27. Rd1 Qxd5 28. Rxd5 Ba7 29. b4 Kg7 30. Kg2 Re8 31. f3 f5 32. Ng5 Re2+ 33. Kf1 Rf2+ 34. Ke1 Ra2 35. a5 Kf6 36. Rb5 Bf2+ 37. Kd1 Bxg3 38. Rb7 Bxh4 39. Nh7+ Ke6 40. Rxc7 Bf2 41. Nf8+ Kd5 42. Nxg6 h4 43. Rh7 Kd4 44. Rd7 h3 45. Rxd6+ Ke3 46. Ne7 h2 47. Nxf5+ Kxf4 48. Rh6 h1=Q+ 49. Rxh1 Ra1+ 50. Kc2 Rxh1 51. Nd6 Ke5 52. Nc4+ Kd5 53. Nb2 Bd4 54. Nd3 Kc4 55. f4 Rh2+ 0-1


[Site "https://www.chess.com"]

[Event "Titled Tuesday Blitz March 22 Early 2022"]
[White "Namitbir Singh Walia"]
[Black "Altman, Joshua"]
[WhiteFideId "35071068"]
[BlackFideId "426210"]
[WhiteElo "1565"]
[BlackElo "1945"]
[Result "0-1"]
[Round "03"]
[TimeControl "180+1"]
[Date "2022.03.22"]
[WhiteClock "0:00:04"]
[BlackClock "0:01:11"]

1. d4 Nf6 2. c4 e6 3. g3 d5 4. Bg2 Bb4+ 5. Bd2 Be7 6. Nf3 O-O 7. Qc2 Nbd7 8. O-O Ne4 9. Bf4 c6 10. Nbd2 g5 11. Be3 Nd6 12. h4 gxh4 13. gxh4 Bxh4 14. Bh6 Re8 15. Bh3 Kh8 16. Kh1 Nf8 17. Ne5 Qf6 18. Bxf8 Rxf8 19. Ndf3 Ne4 20. e3 Qh6 21. Kh2 Bf6 22. Ng4 Qh5 23. Nxf6 Nxf6 24. Ne5 Nd7 25. f4 Nxe5 26. fxe5 Bd7 27. Rf4 Rg8 28. Raf1 Rg7 29. R1f2 Rag8 30. cxd5 Rg3 31. Rf1 Qxh3# 0-1


[Site "https://www.chess.com"]

[Event "Titled Tuesday Blitz March 22 Early 2022"]
[White "Narayanan.S.L"]
[Black "Jaracz, Pawel"]
[WhiteFideId "5058422"]
[BlackFideId "1102222"]
[WhiteElo "2494"]
[BlackElo "2429"]
[Result "1-0"]
[Round "03"]
[TimeControl "180+1"]
[Date "2022.03.22"]
[WhiteClock "0:00:49"]
[BlackClock "0:00:30"]

1. b3 a5 2. a4 h5 3. h4 Na6 4. Nh3 Nb4 5. Ng5 f6 6. c3 fxg5 7. cxb4 e5 8. bxa5 gxh4 9. Qc2 Ra6 10. e3 Rc6 11. Nc3 Bb4 12. Bb5 Bxc3 13. dxc3 Rf6 14. Bb2 c6 15. Bd3 d5 16. O-O-O Qe7 17. Rxh4 g5 18. Bg6+ Kf8 19. Rxh5 Rxh5 20. Bxh5 g4 21. f3 Bf5 22. e4 dxe4 23. fxe4 Be6 24. c4 Qc5 25. Kb1 Rf2 26. Ba3 Qxa3 27. Qxf2+ Ke7 28. Qb2 Qc5 29. Qd2 Kf6 30. Rf1+ Ke7 31. Bxg4 Bxg4 32. Qg5+ Kd6 33. Qd8+ Bd7 34. Qxg8 Qe3 35. Qf8+ Kc7 36. Qf3 Qd2 37. Rd1 Qxa5 38. Qf7 1-0


[Site "https://www.chess.com"]

[Event "Titled Tuesday Blitz March 22 Early 2022"]
[White "Nepomniachtchi, Ian"]
[Black "Demchenko, Anton"]
[WhiteFideId "4168119"]
[BlackFideId "4160258"]
[WhiteElo "2740"]
[BlackElo "2539"]
[Result "1-0"]
[Round "03"]
[TimeControl "180+1"]
[Date "2022.03.22"]
[WhiteClock "0:01:18"]
[BlackClock "0:00:01"]

1. e4 e5 2. f4 d5 3. exd5 exf4 4. Nf3 Nf6 5. Bb5+ c6 6. dxc6 Nxc6 7. Nc3 Bd6 8. Qe2+ Be6 9. Nd4 O-O 10. Nxe6 fxe6 11. Bxc6 bxc6 12. b3 Nd5 13. Bb2 f3 14. gxf3 Nf4 15. Qe4 Qh4+ 16. Kd1 Rad8 17. Kc1 Qf2 18. a3 Qg2 19. Rd1 Qxh2 20. Kb1 Bc5 21. Ka2 Qh5 22. Na4 Be7 23. Rg1 Rf7 24. Qxc6 Qd5 25. Qc7 Ng6 26. Nc3 Qxf3 27. Raf1 Qxf1 28. Rxf1 Rxf1 29. Qxa7 Rf7 30. Ne4 h5 31. Qg1 Nf4 32. Be5 Rdf8 33. a4 h4 34. a5 h3 35. a6 Nd5 36. a7 1-0


[Site "https://www.chess.com"]

[Event "Titled Tuesday Blitz March 22 Early 2022"]
[White "Obolentseva, Alexandra"]
[Black "Li, Xueyi"]
[WhiteFideId "24153648"]
[BlackFideId "8605912"]
[WhiteElo "2113"]
[BlackElo "2091"]
[Result "1-0"]
[Round "03"]
[TimeControl "180+1"]
[Date "2022.03.22"]
[WhiteClock "0:00:51"]
[BlackClock "0:00:53"]

1. d4 d5 2. c4 c6 3. Nf3 Nf6 4. Nc3 e6 5. Bg5 dxc4 6. e4 b5 7. e5 h6 8. Bh4 g5 9. Nxg5 hxg5 10. Bxg5 Nbd7 11. exf6 Bb7 12. g3 c5 13. d5 Qb6 14. Bg2 O-O-O 15. O-O b4 16. Rb1 Qa6 17. dxe6 Bxg2 18. e7 Bxf1 19. Qd5 Bxe7 20. fxe7 Bd3 21. Qa8+ Nb8 22. exd8=Q+ Rxd8 23. Bxd8 Bxb1 24. Nd5 Qd6 25. Bc7 1-0


[Site "https://www.chess.com"]

[Event "Titled Tuesday Blitz March 22 Early 2022"]
[White "Oganian, Miran"]
[Black "Ljukin, Sergei"]
[WhiteFideId "4122488"]
[BlackFideId "14102200"]
[WhiteElo "2357"]
[BlackElo "2312"]
[Result "0-1"]
[Round "03"]
[TimeControl "180+1"]
[Date "2022.03.22"]
[WhiteClock "0:00:08"]
[BlackClock "0:00:13"]

1. e4 e6 2. d4 d5 3. Bd3 dxe4 4. Bxe4 Nf6 5. Bf3 Nbd7 6. Ne2 Bd6 7. O-O e5 8. Nbc3 O-O 9. Bg5 h6 10. Bh4 Re8 11. dxe5 Nxe5 12. Nd4 Nxf3+ 13. Nxf3 Bg4 14. h3 Bh5 15. Nd5 g5 16. Nxf6+ Qxf6 17. Bg3 Rad8 18. Re1 Rxe1+ 19. Qxe1 Bxf3 20. gxf3 Qxf3 21. Qd1 Qf6 22. Qg4 Qxb2 23. Re1 Qf6 24. h4 Bxg3 25. Qxg3 Rd4 26. Qxc7 Rxh4 27. Qc5 Qf3 28. Re8+ Kh7 29. Qf5+ Qxf5 30. Kf1 Qf3 31. Ke1 Rh1+ 32. Kd2 Rd1# 0-1


[Site "https://www.chess.com"]

[Event "Titled Tuesday Blitz March 22 Early 2022"]
[White "Olsen, Filip Boe"]
[Black "Tari, Aryan"]
[WhiteFideId "1440640"]
[BlackFideId "1510045"]
[WhiteElo "2524"]
[BlackElo "2900"]
[Result "0-1"]
[Round "03"]
[TimeControl "180+1"]
[Date "2022.03.22"]
[WhiteClock "0:00:19"]
[BlackClock "0:00:41"]

1. d4 d5 2. Nf3 Nf6 3. Bf4 c5 4. e3 Nc6 5. Nbd2 g6 6. c3 Nd7 7. Bb5 Bg7 8. O-O O-O 9. Re1 Qb6 10. Qb3 a6 11. Bf1 c4 12. Qc2 e5 13. dxe5 Ndxe5 14. Nxe5 Nxe5 15. Bxe5 Bxe5 16. Nf3 Bf5 17. Qd2 Bg7 18. Nd4 Bd7 19. Be2 Rad8 20. Bf3 Bc8 21. Rad1 h5 22. Qc1 Rfe8 23. Ne2 Re5 24. Nf4 Qc5 25. Rd2 Bh6 26. Red1 Be6 27. h3 Rxe3 28. Nxe6 Rxe6 29. Rxd5 Bxc1 30. Rxc5 Rxd1+ 31. Bxd1 Re1+ 32. Kh2 Rxd1 33. Rxc4 Bxb2 34. Rb4 Bxc3 35. Rxb7 Rd2 0-1


[Site "https://www.chess.com"]

[Event "Titled Tuesday Blitz March 22 Early 2022"]
[White "Omariev, Maksim"]
[Black "Matlakov, Maxim"]
[WhiteFideId "4193423"]
[BlackFideId "4168003"]
[WhiteElo "2523"]
[BlackElo "2669"]
[Result "0-1"]
[Round "03"]
[TimeControl "180+1"]
[Date "2022.03.22"]
[WhiteClock "0:00:04"]
[BlackClock "0:01:01"]

1. g4 d5 2. Bg2 c6 3. h3 e5 4. d4 Nd7 5. c4 dxc4 6. Nf3 Bd6 7. Nc3 Ne7 8. O-O O-O 9. Bg5 h6 10. Bh4 Qc7 11. Ne4 Ng6 12. Bg3 Re8 13. Nxd6 Qxd6 14. Nxe5 Ngxe5 15. dxe5 Qe7 16. f4 f6 17. exf6 Nxf6 18. e4 Nxe4 19. Re1 Qc5+ 20. Kh2 Nf6 21. Rxe8+ Nxe8 22. Qd8 Qf8 23. f5 Nf6 24. Rd1 Bd7 25. Qc7 Be8 26. Qxb7 Bf7 27. Qxc6 Rd8 28. Rxd8 Qxd8 29. Qc5 Qd2 30. Qd6 Bd5 0-1


[Site "https://www.chess.com"]

[Event "Titled Tuesday Blitz March 22 Early 2022"]
[White "Orlov, Georgi"]
[Black "Dwilewicz, Katarzyna"]
[WhiteFideId "2011271"]
[BlackFideId "1148486"]
[WhiteElo "2540"]
[BlackElo "1907"]
[Result "1-0"]
[Round "03"]
[TimeControl "180+1"]
[Date "2022.03.22"]
[WhiteClock "0:00:11"]
[BlackClock "0:00:03"]

1. e4 c5 2. Nf3 d6 3. Bb5+ Nd7 4. c4 a6 5. Ba4 Nf6 6. Nc3 g6 7. d4 cxd4 8. Nxd4 Bg7 9. O-O O-O 10. Bc2 Qc7 11. Qe2 b6 12. Be3 Bb7 13. Nd5 Nxd5 14. cxd5 Rac8 15. Rac1 Qb8 16. Bd3 b5 17. b4 Ne5 18. Nb3 Rxc1 19. Rxc1 Rc8 20. Rc2 Nxd3 21. Qxd3 Rxc2 22. Qxc2 Qc8 23. Qxc8+ Bxc8 24. Bd4 Bh6 25. Na5 Bd2 26. Nc6 Kf8 27. Kf1 Bb7 28. Ke2 Bh6 29. Na5 Ba8 30. Kd3 Ke8 31. g3 e6 32. dxe6 fxe6 33. Nb3 Kd7 34. f4 Bf8 35. a3 Kd8 36. Bf6+ Ke8 37. Nd4 Kd7 38. g4 Bb7 39. h4 Bc8 40. f5 exf5 41. exf5 gxf5 42. gxf5 Ke8 43. Ke4 Kf7 44. Bg5 Bb7+ 45. Kd3 Bg7 46. Ne6 Ke8 47. Nxg7+ Kf7 48. Ne6 Bg2 49. Kd4 Bh3 50. Ke4 d5+ 51. Kxd5 Bxf5 52. Nc7 Bc8 53. Kc5 Kg6 54. Kb6 h6 55. Bd8 Kh5 56. Nxa6 1-0


[Site "https://www.chess.com"]

[Event "Titled Tuesday Blitz March 22 Early 2022"]
[White "Paravyan, David"]
[Black "Nenezic, Marko"]
[WhiteFideId "4194985"]
[BlackFideId "912123"]
[WhiteElo "2569"]
[BlackElo "2457"]
[Result "1-0"]
[Round "03"]
[TimeControl "180+1"]
[Date "2022.03.22"]
[WhiteClock "0:00:18"]
[BlackClock "0:00:05"]

1. e4 g6 2. d4 Bg7 3. Nf3 a6 4. c4 d6 5. Nc3 Nd7 6. Be2 e5 7. O-O Ngf6 8. Re1 O-O 9. Bf1 Re8 10. d5 a5 11. Rb1 Nc5 12. b3 Bd7 13. a3 Rf8 14. Qc2 a4 15. b4 Nb3 16. Bg5 h6 17. Bh4 g5 18. Bg3 Nh5 19. Rbd1 g4 20. Nh4 Nd4 21. Qc1 Qg5 22. Nb5 Bxb5 23. cxb5 Rfc8 24. Qc4 Bf6 25. Bd3 Qg7 26. Nf5 Nxf5 27. exf5 Be7 28. Be4 Nf6 29. Rc1 Bd8 30. Kh1 h5 31. f3 h4 32. Bxh4 Nxe4 33. Rxe4 Bxh4 34. Rxg4 Bg5 35. h4 Bxc1 36. Rxg7+ Kxg7 37. Qxc1 f6 38. Kh2 Rab8 39. Qc4 Ra8 40. Qg4+ Kf7 41. Qg6+ 1-0


[Site "https://www.chess.com"]

[Event "Titled Tuesday Blitz March 22 Early 2022"]
[White "Petrosyan, Manuel"]
[Black "Aldokhin, Ivan"]
[WhiteFideId "13300857"]
[BlackFideId "24115720"]
[WhiteElo "2592"]
[BlackElo "2231"]
[Result "1-0"]
[Round "03"]
[TimeControl "180+1"]
[Date "2022.03.22"]
[WhiteClock "0:01:40"]
[BlackClock "0:00:51"]

1. c4 Nf6 2. Nc3 d6 3. g3 g6 4. Bg2 Bg7 5. d4 O-O 6. Nf3 Nc6 7. O-O Bf5 8. Bg5 Ne4 9. Nxe4 Bxe4 10. d5 Bxf3 11. exf3 Ne5 12. Qe2 h6 13. Be3 c5 14. dxc6 Nxc6 15. Rad1 Qa5 16. b3 Nb4 17. Rd2 a6 18. f4 Rab8 19. a4 b5 20. axb5 axb5 21. c5 dxc5 22. Bxc5 Rfe8 23. Rd7 e6 24. Qd2 Bf8 25. Ra7 Qd8 26. Qxb4 1-0


[Site "https://www.chess.com"]

[Event "Titled Tuesday Blitz March 22 Early 2022"]
[White "Piliczewski, Bogusz"]
[Black "Koridze, Lile"]
[WhiteFideId "1104144"]
[BlackFideId "13612514"]
[WhiteElo "1896"]
[BlackElo "1999"]
[Result "0-1"]
[Round "03"]
[TimeControl "180+1"]
[Date "2022.03.22"]
[WhiteClock "0:00:07"]
[BlackClock "0:00:10"]

1. d4 Nf6 2. Nf3 d5 3. Bf4 c5 4. c3 Nc6 5. e3 e6 6. h3 h6 7. Bd3 Bd6 8. Ne5 O-O 9. Nd2 Qc7 10. Nxc6 Bxf4 11. exf4 bxc6 12. g3 cxd4 13. cxd4 c5 14. dxc5 Qxc5 15. O-O Bb7 16. Rc1 Qb6 17. Qb3 Rfc8 18. Nf3 Qxb3 19. axb3 Rab8 20. Ne5 Ba8 21. Ra1 Rxb3 22. Rxa7 Rxb2 23. Rxf7 Rb7 24. Rxb7 Bxb7 25. Rb1 Bc6 26. Rc1 Bb7 27. Rxc8+ Bxc8 28. g4 Kf8 29. Kg2 Ke7 30. Kf3 Bb7 31. Ke3 Kd6 32. Kd4 Ne8 33. Nf7+ Ke7 34. Ne5 Kd6 35. Bg6 Nc7 36. Nf7+ Ke7 37. Ke5 Bc6 38. Nd6 Bd7 39. Nb7 Nb5 40. Nc5 Bc8 41. Bd3 Nc3 42. h4 Nd1 43. f3 Nb2 44. Bb5 Nd1 45. Nb3 Nc3 46. Bc6 Ne2 47. Nd4 Nxd4 48. Kxd4 Kd6 49. Be8 Ba6 50. g5 Be2 51. gxh6 gxh6 52. Bh5 Ba6 53. Bg4 Be2 54. Bh5 Ba6 55. Bg4 Be2 56. Ke3 Ba6 57. f5 exf5 58. Bxf5 Ke5 59. Bc2 d4+ 60. Kf2 Kf4 61. Bd1 d3 62. h5 Bb7 63. Ke1 Bxf3 64. Ba4 Bxh5 65. Kd2 Bg6 66. Bd7 h5 67. Ke1 Ke3 68. Ba4 h4 69. Kf1 h3 70. Kg1 Bf5 71. Kh2 Ke2 72. Kg3 d2 73. Kf4 Bc8 74. Bb5+ Ke1 75. Ba4 d1=Q 76. Bxd1 Kxd1 77. Kg3 Ke1 78. Kh2 Kf2 79. Kh1 Kg3 80. Kg1 h2+ 81. Kf1 h1=Q+ 82. Ke2 Qf3+ 83. Kd2 Kf2 84. Kc2 Ke2 85. Kb2 Kd2 86. Ka2 Kc2 87. Ka1 Qa3# 0-1


[Site "https://www.chess.com"]

[Event "Titled Tuesday Blitz March 22 Early 2022"]
[White "Popadic, Dragan"]
[Black "Dahlgren, James Allen"]
[WhiteFideId "913650"]
[BlackFideId "22256873"]
[WhiteElo "2222"]
[BlackElo "2103"]
[Result "1-0"]
[Round "03"]
[TimeControl "180+1"]
[Date "2022.03.22"]
[WhiteClock "0:01:09"]
[BlackClock "0:00:05"]

1. e4 e6 2. Nf3 c5 3. b4 cxb4 4. d4 d5 5. e5 f5 6. a3 bxa3 7. c3 Ne7 8. Bd3 Nbc6 9. g4 g6 10. gxf5 Nxf5 11. Bxf5 exf5 12. Bg5 Qa5 13. Bf6 Rg8 14. O-O b6 15. Re1 Ba6 16. e6 Be7 17. Bxe7 Kxe7 18. Rxa3 Qb5 19. Qd2 Rae8 20. Qg5+ Kd6 21. Nbd2 Rxe6 22. Qf4+ Kd7 23. Rxe6 Kxe6 24. Qc7 Ne7 25. Ra1 Re8 26. Qxa7 Bc8 27. Re1+ Kf6 28. Qc7 Qd7 29. Qe5+ Kf7 30. Ng5+ Kg8 31. Ndf3 1-0


[Site "https://www.chess.com"]